 Dungeon Crawl Stone Soup version 0.29-a0-341-g24ffce5b50 (webtiles) character file.

Game seed: 5503841815387884949

19 spaghetti the Caller (level 2, 0/19 HPs)
             Began as a Demonspawn Summoner on Apr 20, 2022.
             Succumbed to an adder's poison
             ... on level 2 of the Dungeon.
             The game lasted 00:02:15 (1660 turns).

spaghetti the Caller (Demonspawn Summoner)          Turns: 1660, Time: 00:02:16

Health: 0/19       AC:  3    Str:  5 (8)  XL:     2   Next: 55%
Magic:  5/5        EV: 12    Int: 13 (16) God:
Gold:   13         SH:  0    Dex: 10 (13) Spells: 2/5 levels left

rFire   . . .      SeeInvis .   g - +0 dagger {short}
rCold   . . .      Faith    .   (no shield)
rNeg    . . .      Spirit   .   a - +0 robe
rPois   .          Reflect  .   (no helmet)
rElec   .          Harm     .   (no cloak)
rCorr   .          Rampage  .   i - +0 pair of gloves
Will    .....                   (no boots)
Stlth   ++........              (no amulet)
HPRegen 0.06/turn               (no ring)
MPRegen 0.09/turn               (no ring)

@: brilliant, lethally poisoned (0 -> -2), flying
A: demonic guardian 1
a: no special abilities


You were on level 2 of the Dungeon.
You visited 1 branch of the dungeon, and saw 2 of its levels.

You collected 13 gold pieces.


Innate Abilities, Weirdness & Mutations

A weak demonic guardian rushes to your aid.


   Skills:
 - Level 1.7 Dodging
 - Level 1.7 Stealth
 - Level 2.0 Spellcasting
 + Level 4.7 Summonings


You had 2 spell levels left.
You knew the following spells:

 Your Spells              Type           Power      Damage    Failure   Level
a - Summon Small Mammal   Summ           80%        N/A       3%          1
b - Call Imp              Summ           20%        N/A       5%          2

Your spell library contained the following spells:

 Spells                   Type           Power      Damage    Failure   Level
 Corpse Rot               Necr/Air       2%         N/A       36%         2
 Call Canine Familiar     Summ           20%        N/A       11%         3
 Summon Guardian Golem    Hex/Summ       11%        N/A       28%         3
 Tukima's Dance           Hex            1%         N/A       58%         3
 Summon Lightning Spire   Summ/Air       11%        N/A       67%         4
 Dispel Undead            Necr           1%         3d6       94%         4
 Passage of Golubria      Tloc           1%         N/A       94%         4
 Yara's Violent Unravell  Hex/Tmut       0%         3d3       100%        5
 Death Channel            Necr           0%         N/A       100%        6

Inventory:

Hand Weapons
 g - a +0 dagger (weapon) {short}
   (You took it off a goblin on level 1 of the Dungeon)
Missiles
 f - 61 stones (quivered) {throwing}
Armour
 a - a +0 robe (worn)
 i - a +0 pair of gloves (worn)
   (You found it on level 1 of the Dungeon)
Scrolls
 j - a scroll of fear {unknown}
Potions
 b - a potion of magic
 e - a potion of flight
 h - a potion of brilliance

Dungeon Overview and Level Annotations

Branches:
Dungeon (2/15)

Altars:
Nemelex Xobeh

#.......#
.....)..#
........#
........#
<.......#
......5g##
......BgK#
#..#####S# #
#@## #5.# .
##.#
..#####.######
.............#
.............#
.....^.......#
.............#
.
.............#
...


You could see an adder (ally target), a hobgoblin (distracted, ally target), a
goblin, a kobold, a friendly iron imp (summoned) and a friendly white imp
(summoned).


Message History

You take 3 damage, and now have 16/19 hp.
You are too injured to fight recklessly!
You are too injured to fight recklessly!
You are too injured to fight recklessly!
You are too injured to fight recklessly!
You are too injured to fight recklessly!
You are too injured to fight recklessly!
You are too injured to fight recklessly!
You are too injured to fight recklessly!
You are too injured to fight recklessly!
You are too injured to fight recklessly!
You are too injured to fight recklessly!
You are too injured to fight recklessly!
You are too injured to fight recklessly!
Unknown command.
Casting: Call Imp (safe; 4% risk of failure)
Confirm with . or Enter, or press ? or * to list all spells.
A beastly little devil appears in a puff of frigid air.
The goblin shouts!
The adder bites you.
You are poisoned.
The adder poisons you! The hobgoblin closely misses you.
The kobold closely misses you. 😮 HP[-2] MP[-2]
You take 2 damage, and now have 14/19 hp.
You lost 2 mp, and now have 3/5 mp.
It was a potion of ambrosia.
You are confused.
You feel invigorated.
You feel sick. The adder bites you but does no damage. The adder bites you.
The kobold barely misses you. The hobgoblin hits you.
Your white imp misses the hobgoblin. 😮 HP[-4] MP[+2]
You take 4 damage, and now have 10/19 hp.
MASSIVE DAMAGE!! (PAUSE)
Your mp is fully restored (5).
You closely miss the hobgoblin.
You feel sick. The adder closely misses you.
The hobgoblin hits you but does no damage.
The giant cockroach bites your white imp.
The kobold barely misses you.
Your white imp closely misses the giant cockroach. 😮 HP[+4]
You regained 4 hp, and now have 14/19 hp.
You're too confused to move!
You feel less invigorated.
You feel less confused.
You feel sick. The adder barely misses you.
The giant cockroach bites your white imp.
The kobold closely misses you. The hobgoblin closely misses you.
Your white imp hits the giant cockroach but does no damage. 😕 HP[+2]
You regained 2 hp, and now have 16/19 hp.
Unknown command.
The adder attacks as you move away! The adder barely misses you.
You feel sick. The adder bites you.
You are more poisoned.
The adder poisons you!
Your white imp hits the giant cockroach but does no damage. 😮 HP[-2]
You take 2 damage, and now have 14/19 hp.
Unknown command.
Unknown command.
The kobold attacks as you move away! The kobold hits you but does no damage.
You feel sick. The adder bites you but does no damage.
The kobold throws a stone.
The stone misses you.
Your white imp gestures at the giant cockroach.
The puff of frost hits the giant cockroach. 😮 HP[-2]
You take 2 damage, and now have 12/19 hp.
The adder attacks as you move away! The adder bites you.
* * * LOW HITPOINT WARNING * * *
You feel sick. 😨 HP[-4]
You take 4 damage, and now have 8/19 hp.
MASSIVE DAMAGE!! (PAUSE) It was a potion of degeneration.
There was something very wrong with that liquid.
You feel weakened.
You feel dopey.
You feel clumsy.
You feel sick.
Something closely misses your white imp.
The adder bites you.
* * * LOW HITPOINT WARNING * * *
Something barely misses your white imp.
Your white imp gestures at the hobgoblin.
The puff of frost hits the hobgoblin. 😨 HP[-3]
You take 3 damage, and now have 5/19 hp.
It was a potion of flight.
You feel very buoyant.
You fly up into the air.
You feel sick. The adder bites you.
* * * LOW HITPOINT WARNING * * *
A demonic guardian appears!
The adder bites you but does no damage. Something barely misses your white imp.
The hobgoblin hits your white imp.
Your white imp barely misses the hobgoblin. 😱 HP[-4]
You take 4 damage, and now have 1/19 hp.
MASSIVE DAMAGE!! (PAUSE)
Okay, then.
It was a potion of brilliance.
You feel clever all of a sudden.
You die...

Action                   || total
-------------------------++-------
Melee: Unarmed           ||    28
       Dagger            ||    25
       Punch             ||     1
Throw: Stone             ||     6
 Cast: Summon Small Mamm ||    27
       Call Imp          ||     3
  Use: Potion            ||     4
 Stab: Sleeping          ||     1
Armor: Robe              ||    16
Dodge: Dodged            ||    61

Levels and vault maps discovered:
D:1:      psy_arrival_dodecagon, layout_basic, minmay_misc_feat_alley
D:2:      layout_rooms, shapermc_ecumenical_altar_hornbeckon, basic_altar,
          uniq_natasha, uniq_robin

Notes
Turn   | Place    | Note
-------+----------+-------------------------------------------
     0 | D:1      | spaghetti the Demonspawn Summoner began the quest for the
                  | Orb.
     0 | D:1      | Reached XP level 1. HP: 13/13 MP: 3/3
     0 | D:1      | magus.rc [v1.9.6]
    12 | D:1      | You pick up a book of Callings and begin reading...
   712 | D:1      | Gained mutation: A weak demonic guardian rushes to your
                  | aid. [demonic ancestry]
   712 | D:1      | Reached XP level 2. HP: 11/19 MP: 1/5
  1023 | D:1      | You add the spells Tukima's Dance, Passage of Golubria and
                  | Yara's Violent Unravelling to your library.
  1399 | D:1      | Learned a level 2 spell: Call Imp
  1533 | D:1      | You pick up a book of Decay and begin reading...
  1533 | D:1      | You add the spells Corpse Rot, Dispel Undead and Death
                  | Channel to your library.
  1647 | D:2      | Found a sparkling altar of Nemelex Xobeh.
  1659 | D:2      | HP: 4/19 [poisoned by an adder]
  1659 | D:2      | HP: 1/19 [adder (3)]
  1660 | D:2      | Succumbed to an adder's poison

Vanquished Creatures
  An endoplasm (D:1)
  A hobgoblin (D:2)
  A quokka (D:1)
  A frilled lizard (D:1)
  2 rats (D:1)
6 creatures vanquished.

Vanquished Creatures (collateral kills)
  A dart slug (D:1)
  2 goblins (D:1)
  A hobgoblin (D:1)
  A quokka (D:1)
  A ball python (D:1)
  2 bats (D:1)
  A frilled lizard (D:1)
  2 kobolds (D:1)
11 creatures vanquished.

Vanquished Creatures (others)
  6 fungi (D:2)
  2 plants (D:2)
8 creatures vanquished.

Grand Total: 25 creatures vanquished

Table legend:
 A = Non-vault XP
 B = Vault XP
 C = Vault XP percentage of total XP
 D = Non-vault monster count
 E = Vault monster count
 F = Vault count percentage of total count
                 A         B        C        D         E       F
            +---------+---------+-------+---------+---------+-------
      Total |      28 |       0 |   0.0 |      17 |       0 |   0.0
            +---------+---------+-------+---------+---------+-------
        D:1 |      26 |       0 |   0.0 |      16 |       0 |   0.0
        D:2 |       2 |       0 |   0.0 |       1 |       0 |   0.0
            +---------+---------+-------+---------+---------+-------

Illustrated notes

Table legend:
 A = Kills in this place as a percentage of kills in entire the game.
 B = Kills by you in this place as a percentage of kills by you in the entire game.
 C = Kills by friends in this place as a percentage of kills by friends in the entire game.
 D = Other kills in this place as a percentage of other kills in the entire game.
 E = Experience gained in this place as a percentage of experience gained in the entire game.
 F = Experience gained in this place divided by the number of levels of this place that you have seen.
                   A       B       C       D       E      F
               +-------+-------+-------+-------+-------+----------------------
         Total | 100.0 | 100.0 | 100.0 |   N/A | 100.0 |  14.0
       Dungeon | 100.0 | 100.0 | 100.0 |   N/A | 100.0 |  14.0
               +-------+-------+-------+-------+-------+----------------------

Table legend: (Time is in decaauts)
 A = Elapsed time spent in this place.
 B = Non-inter-level travel time spent in this place.
 C = Inter-level travel time spent in this place.
 D = Time resting spent in this place.
 E = Time spent auto-exploring this place.
 F = Levels seen in this place.
 G = Mean time per level.
                   A        B        C        D        E       F      G
               +--------+--------+--------+--------+--------+-----+--------+
         Total |   1659 |   1640 |     19 |    145 |   1274 |   2 |  829.5 |
       Dungeon |   1659 |   1640 |     19 |    145 |   1274 |   2 |  829.5 |
               +--------+--------+--------+--------+--------+-----+--------+

Top non-repeatable levels by time:
     D:1: 1583 daAuts
     D:2: 76 daAuts
